 Dungeon Crawl Stone Soup version 0.31-a0-217-g58bb5d79cf (webtiles) character file.

Game seed: 17115038122428417135

482 qw the Chopper (level 7, 0/43 HPs)
             Began as a Gargoyle Fighter on July 2, 2023.
             Killed from afar by Sigmund (8 damage)
             ... with a puff of flame
             ... on level 4 of the Dungeon.
             The game lasted 00:01:53 (3826 turns).

qw the Chopper (Gargoyle Fighter)                   Turns: 3826, Time: 00:01:53

Health: 0/43       AC: 15    Str: 22    XL:     7   Next: 12%
Magic:  7/7        EV:  9    Int:  8    God:
Gold:   149        SH:  4    Dex:  9    Spells: 6/6 levels left

rFire   . . .        Y - +2 war axe
rCold   . . .        c - +0 buckler
rNeg    + + .        b - +0 scale mail
rPois   inf          j - +0 helmet
rElec   +            m - +0 cloak
rCorr   .            (no gloves)
SInv    .            i - +0 pair of boots
Will    .....        (no amulet) Stlth
                     o - ring of positive energy
HPRegen 0.27/turn    (no ring)
MPRegen 0.10/turn

%: no passive effects
@: no status effects
A: sickness immunity, AC +4, negative energy resistance 1, electricity
resistance, torment resistance 1, petrification resistance
a: no special abilities


You were on level 4 of the Dungeon.
You visited 2 branches of the dungeon, and saw 5 of its levels.

You collected 149 gold pieces.


Innate Abilities, Weirdness & Mutations

You are immune to sickness and miasma.
Your stone body is resilient. (AC +4)
You are immune to poison.
You resist negative energy. (rN+)
You are resistant to electric shocks. (rElec)
You are resistant to unholy torment.
You are immune to petrification.


   Skills:
 - Level 4.1 Fighting
 + Level 6.3 Axes
 - Level 3.2 Armour
 - Level 1.1 Dodging
 - Level 3.2 Shields


You had 6 spell levels left.
You didn't know any spells.
Your spell library was empty.

Inventory:

Hand Weapons
 g - a +1 flail of draining
 p - a +0 flail
 Y - a +2 war axe (weapon)
Armour
 b - a +0 scale mail (worn)
 c - a +0 buckler (worn)
 i - a +0 pair of boots (worn)
 j - a +0 helmet (worn)
 m - a +0 cloak (worn)
Jewellery
 e - a ring of protection from cold
 l - a ring of positive energy
 o - a ring of positive energy (left hand)
Scrolls
 a - a scroll of identify
 q - a scroll of revelation {unknown}
Potions
 d - a potion of might
 f - 3 potions of curing
 h - a potion of heal wounds {unknown}
 k - 2 potions of mutation {unknown}
 n - a potion of invisibility {unknown}

Dungeon Overview and Level Annotations

Branches:
Dungeon (4/15)             Temple (1/1) D:4

Altars:
Dithmenos
Elyvilon
Fedhas
Hepliaklqana
Kikubaaqudgha
Ru
Uskayaw
Vehumet
Yredelemnul
Zin

Annotations:
D:4 Sigmund


Message History

Sigmund casts a spell.
Sigmund flickers and vanishes!
Deactivating autopickup; reactivate with Ctrl-A.
Enter note:
Enter note: You swing at nothing.
A magic dart appears from out of thin air!
The magic dart hits you but does no damage.
You swing at nothing.
Something hits you. Something burns you.
You swing at nothing.
Something hits you but does no damage.
You swing at nothing.
Something hits you but does no damage.
You swing at nothing.
Something hits you. Something burns you.
You swing at nothing.
You swing at nothing.
Something hits you. Something burns you.
You swing at nothing.
You hear some strange, mumbled words.
You are confused.
You hear some strange, mumbled words.
Something tries to affect you, but you resist.
Enter note:
Enter note: You miss something.
Something hits you but does no damage.
You barely miss something. Something hits you. Something burns you.
You completely miss something. Something hits you. Something burns you.
You bump into the rock wall.
Something hits you. Something burns you.
You miss something.
You feel less confused.
You hear some strange, mumbled words.
A puff of flame appears from out of thin air!
The puff of flame hits you!
You die...

### ### ##.## #.. .#
# ##...###.# #.?###
# ##.....##.##......
# ##..<....#....# .#
#...|......####.<#.#
##............$.....
#.#########.#####.
#.#.......#@#
#....._...#{#
#####.#.[.....#.#
+.##..#########..
##................
.....#.............
.....##.#..##. ....
##.........# .....#
###.##.#.###.#


There were no monsters in sight!

Vanquished Creatures
  An ogre (D:4)
  A scorpion (D:4)
  A hound (D:4)
  Ijyb (D:3)
  Terence (D:3)
  Natasha (thrice) (D:2)
  A statue (D:4)
  7 adders
  3 dart slugs (D:2)
  2 orcs
  9 endoplasms
  5 giant cockroaches
  4 goblins
  4 hobgoblins
  6 jackals (D:1)
  9 kobolds
  4 quokkas
  8 ball pythons
  7 bats
  5 frilled lizards
  6 rats
88 creatures vanquished.

Notes
Turn   | Place    | Note
-------+----------+-------------------------------------------
     0 | D:1      | qw the Gargoyle Fighter began the quest for the Orb.
     0 | D:1      | Reached XP level 1. HP: 14/14 MP: 1/1
     0 | D:1      | 0 ||| qw: Version: 0.3-a-40-ge99b1a8
     0 | D:1      | 0 ||| qw: Game counter: 7999
     0 | D:1      | 0 ||| qw: Melee chars always use a shield: true
     0 | D:1      | 0 ||| qw: God list: Okawaru
     0 | D:1      | 0 ||| qw: Allow faded altars: false
     0 | D:1      | 0 ||| qw: Do Orc after clearing Dungeon:15 true
     0 | D:1      | 0 ||| qw: Do second Lair branch before Depths: true
     0 | D:1      | 0 ||| qw: Lair rune preference: random
     0 | D:1      | 0 ||| qw: Goals: Normal, Zot:1-4, Slime:5, God:TSO, Crypt,
                  | Tomb, Abyss, Pan, Hells, Win
     0 | D:1      | 0 ||| PLANNING D:1-11
   105 | D:1      | Reached skill level 2 in Axes
   145 | D:1      | 145 ||| Stepping ~*~*~tactically~*~*~ (stealth).
   266 | D:1      | 266 ||| Stepping ~*~*~tactically~*~*~ (hiding).
   267 | D:1      | 267 ||| Stepping ~*~*~tactically~*~*~ (hiding).
   272 | D:1      | Reached XP level 2. HP: 18/19 MP: 2/2
   424 | D:1      | 424 ||| Stepping ~*~*~tactically~*~*~ (stealth).
   434 | D:1      | 434 ||| Stepping ~*~*~tactically~*~*~ (stealth).
   435 | D:1      | 435 ||| Stepping ~*~*~tactically~*~*~ (stealth).
   444 | D:1      | Reached skill level 3 in Axes
   527 | D:1      | Reached XP level 3. HP: 23/23 MP: 3/3
  1448 | D:1      | 1448 ||| UPGRADING to +0 helmet.
  1453 | D:1      | 1453 ||| DROPPING amulet of magic regeneration.
  1454 | D:1      | 1454 ||| READING 2 scrolls labelled QIUREYJY UNEKH.
  1455 | D:1      | 1455 ||| READING scroll labelled KAOTEI GOKHLA.
  1456 | D:1      | 1456 ||| READING scroll labelled QYTSIRIFORO.
  1593 | D:2      | Noticed Natasha
  1594 | D:2      | 1594 ||| Stepping ~*~*~tactically~*~*~ (hiding).
  1606 | D:2      | Killed Natasha
  1607 | D:2      | Reached skill level 4 in Axes
  1607 | D:2      | Reached XP level 4. HP: 25/28 MP: 4/4
  1681 | D:2      | 1681 ||| Stepping ~*~*~tactically~*~*~ (stealth).
  1682 | D:2      | 1682 ||| Stepping ~*~*~tactically~*~*~ (stealth).
  1712 | D:2      | 1712 ||| Stepping ~*~*~tactically~*~*~ (hiding).
  1827 | D:2      | 1827 ||| Stepping ~*~*~tactically~*~*~ (stealth).
  1829 | D:2      | 1829 ||| Stepping ~*~*~tactically~*~*~ (stealth).
  1856 | D:2      | 1856 ||| Stepping ~*~*~tactically~*~*~ (hiding).
  1872 | D:2      | 1872 ||| Stepping ~*~*~tactically~*~*~ (stealth).
  1934 | D:2      | 1934 ||| Stepping ~*~*~tactically~*~*~ (stealth).
  2085 | D:2      | 2085 ||| Stepping ~*~*~tactically~*~*~ (hiding).
  2092 | D:2      | Reached XP level 5. HP: 32/32 MP: 5/5
  2195 | D:2      | Noticed Natasha
  2196 | D:2      | 2196 ||| Stepping ~*~*~tactically~*~*~ (hiding).
  2206 | D:2      | Killed Natasha
  2305 | D:2      | Identified the +1 robe of Daisies {rElec}
  2360 | D:2      | 2360 ||| Stepping ~*~*~tactically~*~*~ (stealth).
  2388 | D:2      | Noticed Natasha
  2394 | D:2      | Killed Natasha
  2395 | D:2      | Reached skill level 5 in Axes
  2557 | D:2      | 2557 ||| UPGRADING to +0 pair of boots.
  2562 | D:2      | 2562 ||| UPGRADING to +0 cloak.
  2567 | D:2      | 2567 ||| READING scroll labelled ROAHAE ACRIDA.
  2568 | D:2      | 2568 ||| READING 2 scrolls of identify.
  2568 | D:2      | 2568 ||| IDENTIFYING glowing emerald potion
  2569 | D:2      | 2569 ||| DROPPING potion of brilliance.
  2609 | D:3      | Found a white marble altar of Elyvilon.
  2695 | D:3      | Noticed Ijyb
  2696 | D:3      | 2696 ||| Stepping ~*~*~tactically~*~*~ (hiding).
  2708 | D:3      | Killed Ijyb
  2709 | D:3      | Reached XP level 6. HP: 38/38 MP: 6/6
  3073 | D:3      | 3073 ||| DROPPING +0 mace.
  3239 | D:3      | Noticed Terence
  3253 | D:3      | Killed Terence
  3254 | D:3      | Reached skill level 1 in Dodging
  3396 | D:3      | 3396 ||| UPGRADING to ring of positive energy.
  3397 | D:3      | 3397 ||| READING 2 scrolls labelled KAURUO YCSAM.
  3398 | D:3      | 3398 ||| READING 2 scrolls of identify.
  3398 | D:3      | 3398 ||| IDENTIFYING pink potion
  3399 | D:3      | 3399 ||| DROPPING potion of ambrosia.
  3400 | D:3      | 3400 ||| DROPPING scroll of fear.
  3419 | D:4      | Found a staircase to the Ecumenical Temple.
  3420 | D:4      | 3420 ||| PLANNING TEMPLE
  3426 | Temple   | Entered the Ecumenical Temple
  3515 | Temple   | 3515 ||| PLANNING D:1-11
  3692 | D:4      | Reached skill level 6 in Axes
  3722 | D:4      | Reached XP level 7. HP: 38/43 MP: 7/7
  3751 | D:4      | 3751 ||| READING scroll of enchant weapon.
  3751 | D:4      | 3751 ||| ENCHANTING +1 war axe.
  3769 | D:4      | Found a radiant altar of Vehumet.
  3811 | D:4      | Noticed Sigmund
  3825 | D:4      | HP: 10/43 [something (3)]
  3826 | D:4      | Killed from afar by Sigmund

Levels and vault maps discovered:
D:1:      lightli_arrival_farm, layout_basic, serial_forest,
          infiniplex_forest_zigzag_1, infiniplex_forest_fountain,
          infiniplex_forest_end_2, infiniplex_forest_straight_2,
          infiniplex_forest_lined_ring, infiniplex_forest_lined_2,
          infiniplex_forest_zigzag_1, infiniplex_forest_straight_2,
          infiniplex_forest_diagonal
D:2:      layout_loops_ring, uniq_natasha
D:3:      layout_basic, mainiacjoe_overflow_cross_hatched, uniq_terence,
          uniq_ijyb
D:4:      layout_loops_cross, vehumet_statue, minmay_temple_entry_overgrown,
          serial_shops, kennysheep_mini, uniq_sigmund
Temple:   nicolae_temple_superstar

Skill      XL: |  1  2  3  4  5  6 |
---------------+-------------------+-----
Axes           | 2 3 4 5 6 |  6.3
Fighting       | 4 |  4.1
Dodging        | 1 |  1.1
Armour         | |  3.2
Shields        | |  3.2

Action                     |  1- 3 |  4- 6 |  7- 9 || total
---------------------------+-------+-------+-------++-------
  Melee: War axe           |   141 |   132 |     8 ||   281
    Use: Scroll            |     3 |     4 |     1 ||     8
 Armour: Scale mail        |    68 |    63 |     4 ||   135
  Dodge: Dodged            |    73 |    49 |       ||   122
  Block: Buckler           |    21 |    15 |       ||    36

Table legend:
 A = Non-vault XP
 B = Vault XP
 C = Vault XP percentage of total XP
 D = Non-vault monster count
 E = Vault monster count
 F = Vault count percentage of total count
                 A         B        C        D         E       F
            +---------+---------+-------+---------+---------+-------
      Total |     547 |     142 |  20.6 |      84 |       4 |   4.5
            +---------+---------+-------+---------+---------+-------
        D:1 |      59 |       0 |   0.0 |      36 |       0 |   0.0
        D:2 |     161 |      35 |  17.9 |      24 |       1 |   4.0
        D:3 |      50 |      75 |  60.0 |      15 |       2 |  11.8
        D:4 |     277 |      32 |  10.4 |       9 |       1 |  10.0
            +---------+---------+-------+---------+---------+-------
